 Dungeon Crawl Stone Soup version 0.31-a0-521-gc7390f8997 (webtiles) character file.

Game seed: 9552464115441082465

37 Newt the Trooper (level 3, 0/25 HPs)
             Began as a Gargoyle Fighter on Aug 10, 2023.
             Slain by a goblin
             ... wielding a +0 club
             ... led by Robin
              (4 damage)
             ... on level 2 of the Dungeon.
             The game lasted 00:00:57 (1272 turns).

Newt the Trooper (Gargoyle Fighter)                 Turns: 1272, Time: 00:00:58

Health: 0/25       AC:  8    Str: 21    XL:     3   Next: 39%
Magic:  3/3        EV: 10    Int:  8    God:
Gold:   52         SH:  4    Dex:  9    Spells: 2/2 levels left

rFire   + . .        a - +0 flail
rCold   . . .        c - +0 buckler
rNeg    + . .        g - +1 leather armour {rF+}
rPois   ∞            (no helmet)
rElec   +            (no cloak)
rCorr   .            (no gloves)
SInv    .            f - +0 pair of boots
Will    .....        (no amulet)
Stlth   +            (no ring)
HPRegen 0.24/turn    (no ring)
MPRegen 0.08/turn

%: no passive effects
@: no status effects
A: sickness immunity, AC +3, negative energy resistance 1, electricity
resistance, torment resistance 1, petrification resistance
a: no special abilities


You were on level 2 of the Dungeon.
You visited 1 branch of the dungeon, and saw 2 of its levels.

You collected 52 gold pieces.

Inventory:

Hand Weapons
 a - a +0 flail (weapon)
Armour
 b - a +0 scale mail
 c - a +0 buckler (worn)
 f - a +0 pair of boots (worn)
 g - a +1 leather armour of fire resistance (worn)
Potions
 d - a potion of might
 e - 2 potions of enlightenment {unknown}
 h - 2 potions of attraction {unknown}
 i - a potion of heal wounds {unknown}


   Skills:
 + Level 4.8 Fighting
 - Level 2.0 Maces & Flails
 - Level 3.2 Armour
 - Level 3.2 Shields


You had 2 spell levels left.
You didn't know any spells.
Your spell library was empty.

Dungeon Overview and Level Annotations

Branches:
Dungeon (2/15)

Altars:
Qazlal

Annotations:
D:2 Robin


Innate Abilities, Weirdness & Mutations

You are immune to sickness and miasma.
Your stone body is resilient. (AC +3)
You are immune to poison.
You resist negative energy. (rN+)
You are resistant to electric shocks. (rElec)
You are resistant to unholy torment.
You are immune to petrification.


Message History

You see here a +0 robe.
Found a whip.
No target in view!
No target in view!
No target in view!
No target in view!
Found a stone staircase leading up.
i - a fuming cyan potion No target in view!
You see here a +0 whip.
Robin of the Strong Arm comes into view.
They are wielding a +0 mace.
Robin is nearby!
Robin shouts!
You hear a shout!
A goblin comes into view. It is wielding a +0 club.
A hobgoblin comes into view.
The hobgoblin shouts!
The goblin shouts!
You hear a shout! x2
A goblin comes into view. It is wielding a +0 club.
Robin throws the goblin at you!
You hit the goblin.
You kill the goblin!
Robin closely misses you.
You completely miss Robin.
Robin roars a battlecry!
The goblins go into a battle-frenzy!
You barely miss Robin. Robin hits you with a +0 mace.
You barely miss Robin. Robin hits you with a +0 mace.
The goblin barely misses you. The hobgoblin hits you.
The hobgoblin hits you but does no damage.
You block Robin's attack. The goblin closely misses you.
You hit Robin.
Robin is moderately wounded.
You block the hobgoblin's attack. Robin throws the goblin at you!
The goblin hits you with a +0 club.
* * * LOW HITPOINT WARNING * * *
You are too injured to fight recklessly!
Unknown command.
Things that are here:
a +0 club; a goblin corpse The goblin attacks as you move away!
The goblin hits you with a +0 club.
You die...

*,,,,,,,,,,,,*##.............
*,,,,,,,,**#####.....########
*,,,,,,,,**#.........#### ###
*,,,,,,,,,,#............# ###
*,,,,,,,,,,#.......####.#####
***,,,,,,,,#.......# #...###
*,,,,,,,,#.......# ####...#
*,,,,,,,,#gg.....# #.......
*********#@g.....# #†######
###...?...# #.# # #....######
#.# #.##.# #.# #.##.# #.#
#.##.# #.# #.##.# #.####
#.##.# #....# #.##.####
####.#


You could see Robin, a hobgoblin (strong) and a goblin (strong).

Vanquished Creatures
  A worm (D:2)
  3 ball pythons
  2 endoplasms
  A giant cockroach (D:1)
  8 goblins
  4 hobgoblins
  A quokka (D:1)
  3 bats
  2 frilled lizards (D:1)
  3 kobolds
  3 rats (D:1)
31 creatures vanquished.

Notes
Turn   | Place    | Note
-------+----------+-------------------------------------------
     0 | D:1      | Newt the Gargoyle Fighter began the quest for the Orb.
     0 | D:1      | Reached XP level 1. HP: 14/14 MP: 1/1
   250 | D:1      | Reached XP level 2. HP: 20/20 MP: 2/2
   332 | D:1      | Reached skill level 4 in Fighting
   962 | D:2      | Found a stormy altar of Qazlal.
   978 | D:2      | Reached XP level 3. HP: 19/24 MP: 3/3
  1262 | D:2      | Noticed Robin
  1272 | D:2      | Slain by a goblin

Illustrated notes

Levels and vault maps discovered:
D:1:      dpeg_arrival_stone_temple_mockup, layout_loops_corners,
          minmay_misc_feat_room
D:2:      layout_basic, basic_altar, uniq_robin

Skill      XL: |  1  2 |
---------------+-------+-----
Fighting       | 4 |  4.8
Maces & Flails | |  2.0
Armour         | |  3.2
Shields        | |  3.2

Action                     || total
---------------------------++-------
  Melee: Flail             ||   108
    Use: Scroll            ||     2
 Armour: Scale mail        ||    33
         Leather armour    ||    20
  Dodge: Dodged            ||    53
  Block: Buckler           ||    21

Table legend: (Time is in decaauts)
 A = Elapsed time spent in this place.
 B = Non-inter-level travel time spent in this place.
 C = Inter-level travel time spent in this place.
 D = Time resting spent in this place.
 E = Time spent auto-exploring this place.
 F = Levels seen in this place.
 G = Mean time per level.
                   A        B        C        D        E       F      G
               +--------+--------+--------+--------+--------+-----+--------+
         Total |   1308 |   1232 |     76 |      0 |    960 |   2 |  654.0 |
       Dungeon |   1308 |   1232 |     76 |      0 |    960 |   2 |  654.0 |
               +--------+--------+--------+--------+--------+-----+--------+

Top non-repeatable levels by time:
     D:1: 966 daAuts
     D:2: 342 daAuts
